AoeStats
← Ricardo Iorio

Arena

509516404Analyzed
1v1 RM · 6d ago on Sep 27, 2026· 35m 20s· 2 players
Game mode
Random Map
Map size
Tiny (2 player)
Population
200
Speed
Normal
Resources
Standard
Victory
Conquest
Starting age
Dark Age
Ending age
Imperial Age
RankedLock teamsTeams togetherTeam positionsShared explorationLock speedFull tech treeHidden civsTurbo modeCheats
Victory
Defeat
🇦🇷 Byzantines · Argentina
781
+17
🇺🇸 Turks · United States
805
-17
Ricardo Iorio
12:20 Feudal Age
10:36 Loom
14:41 Loom
16:09 Forging
16:29 Double-Bit Axe
16:27 Horse Collar
19:23 Castle Age
19:36 Fletching
19:47 Padded Archer Armor
22:00 Bodkin Arrow
22:21 Leather Archer Armor
27:23 Murder Holes
30:20 Iron Casting
simonfrazier0
9:31 Loom
12:21 Feudal Age
16:38 Castle Age
28:10 Imperial Age
28:12 Wheelbarrow
27:26 Double-Bit Axe
27:26 Horse Collar
29:41 Hand Cart
30:44 Ballistics
34:10 Heavy Scorpion
Connection lost

Rejoining the realm…

Still unreachable

The connection could not be restored.

Session expired

The server has moved on; the page needs a fresh start.